 Dungeon Crawl Stone Soup version 0.26.1-11-gd32895ea62 (webtiles) character file.

Game seed: 11879906524794302210

4987 vvl the Grappler (level 10, 0/96 HPs)
             Began as a Troll Monk on June 1, 2021.
             Slain by a killer bee (8 damage)
             ... on level 8 of the Dungeon.
             The game lasted 00:19:01 (7817 turns).

vvl the Grappler (Troll Monk)                       Turns: 7817, Time: 00:19:04

Health: 0/96       AC:  7    Str: 21    XL:     10   Next: 29%
Magic:  9/9        EV:  9    Int: 13    God:
Gold:   410        SH:  9    Dex: 12    Spells: 9/9 levels left

rFire    . . .     SeeInvis .     - Unarmed
rCold    . . .     Faith    .   l - +0 kite shield of the Alphagorgon {rPois Str-3 Int+4} (curse)
rNeg     . . .     Spirit   .   a - +0 robe
rPois    +         Reflect  .   H - +1 hat {Int+3}
rElec    .         Harm     .   (no cloak)
rCorr    .         Rampage  .   (gloves unavailable)
Will     .....                  (boots unavailable)
Stlth    ++........             (no amulet)
HPRegen  0.66/turn              (no ring)
MPRegen  0.11/turn              (no ring)

@: lethally poisoned (0 -> -12), attractive, hasted, very quick
A: large, unfitting armour, claws 3, regeneration 1, shaggy fur 1, tough skin 3
a: no special abilities


You were on level 8 of the Dungeon.
You visited 2 branches of the dungeon, and saw 10 of its levels.
You also visited: Ossuary.

You collected 410 gold pieces.

Inventory:

Missiles
 j - a throwing net (quivered)
 y - 8 boomerangs
 E - 5 large rocks
Armour
 a - a +0 robe (worn)
 l - the cursed +0 kite shield of the Alphagorgon (worn) {rPois Str-3 Int+4}
   (You found it on level 4 of the Dungeon)

   It affects your strength (-3).
   It affects your intelligence (+4).
   It protects you from poison.
   It has a curse placed upon it.
 H - a +1 hat of intelligence (worn)
Jewellery
 w - a cursed ring of teleportation {unknown}
 F - an uncursed ring of resist corrosion {unknown}
Wands
 i - a wand of iceblast (7)
 o - a wand of digging (4)
 G - a wand of random effects (17)
Scrolls
 b - 10 scrolls of identify {unknown}
 c - 5 scrolls of teleportation {unknown}
 d - 2 scrolls of magic mapping {unknown}
 f - 4 scrolls of remove curse {unknown}
 m - a scroll of fog {unknown}
 n - 3 scrolls of enchant weapon {unknown}
 p - a scroll of enchant armour {unknown}
 r - a scroll of silence {unknown}
 u - 3 scrolls of blinking {unknown}
 B - 2 scrolls of immolation {unknown}
 C - a scroll of fear {unknown}
 D - a scroll of random uselessness {unknown}
Potions
 e - a potion of invisibility {unknown}
 g - 2 potions of lignification {unknown}
 h - a potion of might {unknown}
 k - 3 potions of curing {unknown}
 q - 2 potions of degeneration {unknown}
 s - 2 potions of attraction
 t - a potion of heal wounds {unknown}
 v - 3 potions of haste
 x - a potion of mutation {unknown}
 z - a potion of flight {unknown}
 A - a potion of cancellation {unknown}


   Skills:
 + Level 5.2 Fighting
 + Level 4.4 Throwing
 + Level 4.5 Armour
 - Level 2.4 Dodging
 - Level 1.0 Stealth
 * Level 5.4 Shields
 * Level 8.8 Unarmed Combat
 + Level 4.9 Earth Magic


You had 9 spell levels left.
You didn't know any spells.
Your spell library contained the following spells:

 Spells                   Type           Power        Failure   Level
 Confusing Touch          Hex            0%           89%         3
 Gell's Gravitas          Tloc           0%           89%         3
 Petrify                  Tmut/Erth      6%           94%         4
 Metabolic Englaciation   Hex/Ice        0%           100%        5
 Yara's Violent Unravell  Hex/Tmut       0%           100%        5


Dungeon Overview and Level Annotations

Branches:
Dungeon (9/15)             Temple (1/1) D:4         Ossuary (visited)
   Lair: D:8-11         Orc: D:9-12

Altars:
Ashenzari
Cheibriados
Dithmenos
Elyvilon
Fedhas
Gozag
Hepliaklqana
Kikubaaqudgha
Makhleb
Nemelex Xobeh
Okawaru
Qazlal
Ru
Sif Muna
Trog
Uskayaw
Vehumet
Wu Jian
Xom
Yredelemnul
Zin
The Shining One


Innate Abilities, Weirdness & Mutations

You are too large for most types of armour.
You have claws for hands.
Your natural rate of healing is unusually fast.
You are covered in fur. (AC +1)
You have extremely tough skin. (AC +3)


Message History

You are more poisoned.
The killer bee poisons you! The killer bee closely misses you.
The killer bee stings you.
You are more poisoned.
The killer bee poisons you!
It was a potion of attraction.
You feel attractive to monsters.
You feel very sick. You block the killer bee's attack.
The killer bee closely misses you.
The killer bee stings you but does no damage.
The killer bee closely misses you. The killer bee stings you!
* * * LOW HITPOINT WARNING * * *
The killer bee stings you but does no damage.
It was a potion of haste.
You feel yourself speed up.
You feel sick. The killer bee barely misses you. The killer bee stings you!
* * * LOW HITPOINT WARNING * * *
You block the killer bee's attack.
The killer bee stings you but does no damage.
The killer bee stings you!
You die...

##≈.≈≈≈≈# ####.....##.####....
######≈≈≈≈≈# #.....##...≈...≈≈
......≈≈≈≈.# #.......♣..≈≈..≈.
...#.≈≈.≈≈≈# ####.....##...≈≈.≈♣.
...#.≈≈..≈≈# #..#..####.≈≈≈......
...#..≈≈≈≈.###..#.### #...≈≈#≈.≈#
####..≈≈≈≈..#.......###.♣≈♣.♣.≈..
##.≈≈≈≈≈...###y#..........≈..≈
#≈≈≈≈≈.#..yy@y#####...≈≈≈≈≈≈#
#.≈≈.≈...###### #..≈≈≈≈.♣≈##
#####≈≈.≈....#########....≈≈.≈≈.≈
<....≈≈≈≈≈...................####
.....≈≈≈≈≈####################
......≈≈..≈≈≈≈###
#####.≈≈≈≈≈≈≈≈≈≈# #..≈≈≈≈≈≈≈###
##..≈≈≈≈≈##


You could see 4 killer bees.

Vanquished Creatures
  Gastronok (D:8)
  Prince Ribbit (D:5)
  A hornet (D:5)
  A wraith (Ossuary)
  A hornet zombie (D:6)
  An ice beast (D:6)
  A black bear (D:6)
  A sky beast (D:7)
  An orc warrior (D:6)
  A phantom (D:5)
  3 centaurs
  5 ogres
  A bullfrog (D:6)
  A water moccasin skeleton (D:5)
  A scorpion (D:4)
  An oklob sapling (D:4)
  3 killer bees (D:7)
  5 howler monkeys
  3 bullfrog zombies
  3 hounds (D:6)
  2 jellies (D:8)
  An orc priest (D:4)
  A human zombie (Ossuary)
  4 orc wizards
  2 centaur skeletons
  5 iguanas
  Jessica (D:3)
  4 worker ants
  A killer bee zombie (D:7)
  3 mummies (Ossuary)
  A worker ant zombie (D:8)
  A hound skeleton (D:7)
  4 gnolls
  13 adders
  A river rat (D:6)
  2 shadow imps
  3 white imps
  An ufetubus (D:5)
  An ooze (D:1)
  An adder zombie (D:8)
  An adder skeleton (D:8)
  2 worms
  3 dart slugs (D:1)
  3 leopard geckos
  12 orcs
  A ball python (D:5)
  3 giant cockroaches
  8 goblins
  8 hobgoblins
  5 jackals
  5 kobolds
  4 quokkas
  6 bats
  6 frilled lizards
  A goblin zombie (Ossuary)
  4 hobgoblin zombies (Ossuary)
  3 kobold zombies (Ossuary)
  A leopard gecko skeleton (D:4)
  A quokka skeleton (D:4)
  12 rats
177 creatures vanquished.

Vanquished Creatures (others)
  12 plants (D:4)
12 creatures vanquished.

Grand Total: 189 creatures vanquished

Notes
Turn   | Place    | Note
-------+----------+-------------------------------------------
     0 | D:1      | vvl the Troll Monk began the quest for the Orb.
     0 | D:1      | Reached XP level 1. HP: 22/22 MP: 0/0
    65 | D:1      | Reached XP level 2. HP: 23/29 MP: 1/1
   339 | D:1      | Reached XP level 3. HP: 31/36 MP: 2/2
   409 | D:1      | Reached skill level 1 in Earth Magic
   472 | D:1      | Reached skill level 1 in Armour
   758 | D:2      | Found a stormy altar of Qazlal.
  1077 | D:2      | Found a basalt altar of Yredelemnul.
  1080 | D:2      | Reached XP level 4. HP: 43/44 MP: 3/3
  1130 | D:2      | Found an ornate altar of the Wu Jian Council.
  1131 | D:2      | Found a hide-covered altar of Uskayaw.
  1136 | D:2      | Found a broken altar of Ashenzari.
  1137 | D:2      | Found an ancient bone altar of Kikubaaqudgha.
  1464 | D:3      | Reached skill level 4 in Unarmed Combat
  1525 | D:3      | Noticed Jessica
  1528 | D:3      | Killed Jessica
  1680 | D:3      | Reached XP level 5. HP: 37/53 MP: 4/4
  2252 | D:4      | Noticed an ogre
  2295 | D:4      | Killed an ogre
  2372 | D:4      | Noticed an ogre
  2376 | D:4      | Killed an ogre
  2377 | D:4      | Reached skill level 1 in Throwing
  2377 | D:4      | Reached skill level 5 in Unarmed Combat
  2377 | D:4      | Reached XP level 6. HP: 61/61 MP: 5/5
  2392 | D:4      | Found a staircase to the Ecumenical Temple.
  2434 | Temple   | Entered the Ecumenical Temple
  2984 | D:4      | Got a polished kite shield
  2990 | D:4      | Identified the cursed +0 kite shield of the Alphagorgon
                  | {rPois Str-3 Int+4} (You found it on level 4 of the
                  | Dungeon)
  3148 | D:4      | Reached XP level 7. HP: 67/67 MP: 6/6
  3458 | D:4      | Reached skill level 1 in Shields
  3486 | D:5      | Entered Level 5 of the Dungeon
  3637 | D:5      | Found a sand-covered staircase.
  3643 | Ossuary  | Entered an ossuary
  3643 | Ossuary  | Noticed a wraith
  3643 | Ossuary  | Noticed a wraith
  3643 | Ossuary  | Noticed a wraith
  3878 | Ossuary  | Noticed a wraith
  3885 | Ossuary  | Killed a wraith
  3886 | Ossuary  | Reached skill level 6 in Unarmed Combat
  3915 | Ossuary  | Reached XP level 8. HP: 78/78 MP: 7/7
  4099 | D:5      | Noticed Prince Ribbit
  4112 | D:5      | Killed Prince Ribbit
  4390 | D:5      | Noticed a hornet
  4417 | D:5      | Killed a hornet
  4750 | D:6      | Found a glowing golden altar of the Shining One.
  4925 | D:6      | Reached skill level 7 in Unarmed Combat
  5248 | D:6      | Reached XP level 9. HP: 57/85 MP: 8/8
  6075 | D:7      | Found a burning altar of Makhleb.
  6344 | D:7      | Found a sparkling altar of Nemelex Xobeh.
  6923 | D:8      | Found a shimmering altar of Xom.
  7046 | D:8      | Reached skill level 8 in Unarmed Combat
  7221 | D:8      | Noticed Gastronok
  7232 | D:8      | HP: 2/87 [Gastronok/the air (27)]
  7393 | D:8      | Killed Gastronok
  7394 | D:8      | Reached skill level 5 in Fighting
  7394 | D:8      | Reached skill level 5 in Shields
  7394 | D:8      | Reached XP level 10. HP: 96/96 MP: 9/9
  7521 | D:8      | Found a basalt altar of Yredelemnul.
  7817 | D:8      | Slain by a killer bee

Illustrated notes

Levels and vault maps discovered:
D:1:      dpeg_arrival_simpleton_a, layout_loops_ring, minmay_tall_x
D:2:      layout_basic, lemuel_doored_altar, grunt_temple_overflow_open,
          serial_glass, glass_columns_a, glass_columns_a,
          yredelemnul_altar_generic
D:3:      layout_loops_ring, uniq_jessica
D:4:      layout_loops_corners, minmay_temple_entry_oklob, minmay_crystal_water,
          grunt_tough_drop
D:5:      lemuel_ice_spiral_2, layout_basic, nicolae_ossuary_entry_plus,
          minmay_misc_feat_ornament, hangedman_decor_growths,
          uniq_prince_ribbit1
D:6:      layout_loops_corners, portal_sewer_entry_b,
          nicolae_tso_swordbearing_angel
D:7:      layout_rooms, nemelex_altar_shiori, basic_altar
D:8:      layout_rooms, nicolae_overflow_crystal_walls, serial_rivers,
          chequers_serial_rivers_large_b, chequers_serial_rivers_large_a,
          chequers_serial_rivers_small_3, chequers_serial_rivers_marsh,
          chequers_serial_rivers_small_3, chequers_serial_rivers_micro_b,
          basic_altar, uniq_gastronok
D:9:      lemuel_insect_pit, layout_basic, basic_altar, serial_shops, shop,
          minmay_parallelograms
Temple:   regret_index_temple_generic_petals

Skill      XL: |  1  2  3  4  5  6  7  8  9 |
---------------+----------------------------+-----
Earth Magic    | 1 2 3 4 |  4.9
Armour         | 1 2 3 4 |  4.5
Unarmed Combat | 4 5 6 7 8 |  8.8
Fighting       | 3 4 5 |  5.2
Throwing       | 1 2 3 4 |  4.4
Shields        | 2 3 5 |  5.4
Dodging        | |  2.4
Stealth        | |  1.0

Action                   |  1- 3 |  4- 6 |  7- 9 | 10-12 || total
-------------------------+-------+-------+-------+-------++-------
Melee: Unarmed           |    93 |   101 |   358 |    10 ||   562
       Punch             |     1 |     2 |       |       ||     3
Throw: Throwing net      |       |       |     2 |       ||     2
Evoke: Wand              |       |       |     1 |       ||     1
  Use: Potion            |       |       |       |     2 ||     2
 Stab: Sleeping          |     3 |     3 |     7 |       ||    13
       Held in net/web   |       |       |     6 |       ||     6
Armor: Robe              |    47 |    15 |    69 |     9 ||   140
Dodge: Dodged            |    51 |    32 |   122 |    17 ||   222
Block: Kite shield       |       |     1 |   116 |    12 ||   129
